 Dungeon Crawl Stone Soup version 0.20.0-15-g7f486f2 (webtiles) character file.

147 panicbit the Conjurer (level 5, -1/28 HPs)
             Began as a Deep Elf Conjurer on June 27, 2017.
             Slain by a giant cockroach (2 damage)
             ... on level 3 of the Dungeon.
             The game lasted 00:11:40 (3179 turns).

panicbit the Conjurer (Deep Elf Conjurer)           Turns: 3179, Time: 00:11:41

Health: -1/28      AC:  2    Str:  6    XL:     5   Next: 7%
Magic:  5/13       EV: 13    Int: 20    God:
Gold:   114        SH:  2    Dex: 15    Spells: 3/13 levels left

rFire    . . .     SeeInvis .   (no weapon)
rCold    . . .     Gourm    .   (no shield)
rNeg     . . .     Faith    .   a - +0 robe
rPois    .         Spirit   .   (no helmet)
rElec    .         Reflect  +   (no cloak)
rCorr    .         Harm     .   (no gloves)
MR       .....                  (no boots)
Stlth    ++........             o - +2 amulet of reflection
Regen    0.1/turn               (no ring)
MPRegen  0.2/turn               (no ring)

@: no status effects
A: no striking features
a: no special abilities


You were on level 3 of the Dungeon.
You were hungry.

You visited 1 branch of the dungeon, and saw 3 of its levels.

You collected 114 gold pieces.

Inventory:

Armour
 a - a +0 robe (worn)
Jewellery
 o - a +2 amulet of reflection (around neck)
Scrolls
 d - a scroll of fog
 i - a scroll of identify
 j - 2 scrolls of teleportation
 m - a scroll of random uselessness {unknown}
 p - a scroll of fear {unknown}
 q - 3 scrolls of enchant weapon
Potions
 e - 4 potions of mutation
 h - a potion of agility {unknown}
 l - a potion of curing {unknown}
 n - a potion of flight {unknown}
Books
 b - a book of Conjurations

   Spells                             Type                      Level
   a - Magic Dart                     Conjuration                  1
   b - Searing Ray                    Conjuration                  2
   c - Dazzling Spray                 Conjuration/Hexes            3
   d - Fulminant Prism                Conjuration/Hexes            4
   e - Force Lance                    Conjuration/Translocation    4
   f - Iskenderun's Mystic Blast      Conjuration                  4
Comestibles
 c - 4 bread rations
 f - 2 royal jellies
 k - 3 fruits


   Skills:
 + Level 3.0 Dodging
 + Level 2.7 Stealth
 + Level 4.5 Spellcasting
 + Level 6.0 Conjurations


You had 3 spell levels left.
You knew the following spells:

 Your Spells              Type           Power        Failure   Level  Hunger
a - Magic Dart            Conj           ####         1%          1    None
b - Searing Ray           Conj           ####..       1%          2    #......
c - Dazzling Spray        Conj/Hex       ###...       11%         3    ##.....
d - Iskenderun's Mystic   Conj           ####....     10%         4    ####...


Dungeon Overview and Level Annotations

Branches:
Dungeon (3/15)

Altars:
Cheibriados

Annotations:
D:3 Grinder


Message History

Grinder gestures at you. Pain shoots through your body!
* * * LOW HITPOINT WARNING * * *
The giant cockroach closely misses you.
The searing ray hits Grinder.
Grinder is almost dead.
Grinder blinks!
The giant cockroach bites you but does no damage.
The giant cockroach barely misses you.
Grinder blinks!
Grinder gestures at you. Pain shoots through your body!
* * * LOW HITPOINT WARNING * * *
The giant cockroach misses you.
Grinder says, "DUCK!"
Grinder gestures at you.
You struggle to resist.
The giant cockroach waves its antennae.
The giant cockroach bites you.
You die...

.#..#
#.####.#.#.##.#
.#..#
#.#.#.##(#
.#..#
#.#.#.##.# ...
#.#.#.##.# ###.
#.#.#.##.# .
..#.#.##.# ..
.#.##.# #.##.#
...####@##.#
...'....s5.#
...####.#..#
.####.#..#
...#.#..#
#..#.#..#
#..#....#
#..###.##
#..###.#


You could see Grinder and a giant cockroach.

Vanquished Creatures
  4 gnolls (D:2)
  An adder (D:2)
  4 worms
  A dart slug (D:2)
  A leopard gecko (D:1)
  5 orcs (D:3)
  5 bats
  2 giant cockroaches
  14 goblins
  5 hobgoblins
  12 jackals
  7 kobolds
  A quokka (D:2)
  A ball python (D:1)
  4 frilled lizards
  7 rats
74 creatures vanquished.

Notes
Turn   | Place    | Note
-------+----------+-------------------------------------------
     0 | D:1      | panicbit the Deep Elf Conjurer began the quest for the Orb.
     0 | D:1      | Reached XP level 1. HP: 10/10 MP: 6/6
   278 | D:1      | Reached XP level 2. HP: 15/15 MP: 5/8
   329 | D:1      | Reached skill level 5 in Conjurations
   792 | D:2      | Reached XP level 3. HP: 19/19 MP: 4/9
  1229 | D:2      | Found a snail-covered altar of Cheibriados.
  1592 | D:2      | Reached XP level 4. HP: 24/24 MP: 4/11
  2479 | D:3      | Learned a level 2 spell: Searing Ray
  2483 | D:3      | Learned a level 3 spell: Dazzling Spray
  2488 | D:3      | Learned a level 4 spell: Iskenderun's Mystic Blast
  2615 | D:3      | Reached XP level 5. HP: 24/28 MP: 4/13
  2616 | D:3      | Reached skill level 6 in Conjurations
  2861 | D:3      | Noticed Grinder
  2868 | D:3      | Paralysed by Grinder for 4 turns
  3176 | D:3      | HP: 1/28 [Grinder/nerve-wracking pain (4)]
  3179 | D:3      | Slain by a giant cockroach

Skill      XL: |  1  2  3  4  5 |
---------------+----------------+-----
Conjurations   | 5 6 |  6.0
Spellcasting   | 4 |  4.5
Dodging        | 3 |  3.0
Stealth        | |  2.7

Action                   |  1- 3 |  4- 6 || total
-------------------------+-------+-------++-------
 Cast: Magic Dart        |    98 |    67 ||   165
       Searing Ray       |       |    10 ||    10
  Use: Scroll            |     1 |     3 ||     4
  Eat: Chunk             |     2 |     4 ||     6
Armor: Robe              |     5 |     7 ||    12
Dodge: Dodged            |    44 |    28 ||    72
Block: Other             |       |     3 ||     3
       Reflection        |       |     1 ||     1
